[Event "17th Aeroflot Open-A 2019"]
[Site "Moscow"]
[Date "2019.02.20"]
[Round "1.37"]
[White "Harika, Dronavalli"]
[Black "Gordievsky, Dmitry"]
[Result "1-0"]
[ECO "B00"]
[WhiteElo "2471"]
[BlackElo "2603"]
[Annotator "RC"]
[PlyCount "159"]
[EventDate "2019.02.19"]
[EventCountry "RUS"]
[SourceTitle "playchess.com"]
[Source "ChessBase"]
[SourceQuality "1"]
[TimeControl "40/5400+30:1800+30"]

1. e4 d6 2. d4 Nf6 3. Bd3 Nc6 4. c3 e5 5. Nf3 g6 6. O-O Bg7 7. Nbd2 O-O 8. h3 Nd7 9. Nb3 a5 10. a4 exd4 11. Nfxd4 Re8 12. Re1 Nb6 13. Bf1 Nxd4 14. Nxd4 d5 15. Bf4 c6 16. Nb3 Bf8 17. Qd4 Bg7 18. Qd2 Nc4 19. Bxc4 dxc4 20. Qxd8 Rxd8 21. Nxa5 Bf8 22. Nxc4 Be6 23. Nd2 c5 24. a5 Ra6 25. Nf3 Rc8 26. Red1 h6 27. Nh2 g5 28. Bg3 Kh7 29. Ng4 Be7 30. Ne3 c4 31. Nf5 Bc5 32. Nd6 Bxd6 33. Bxd6 b6 34. axb6 Rxb6 35. Bb4 Rb7 36. f3 Rd7 37. Rxd7 Bxd7 38. Kf2 Be6 39. Rd1 Kg6 40. Rd6 h5 41. g3 Kh7 42. h4 gxh4 43. gxh4 Rc7 44. Rb6 Rd7 45. Rb5 Rd2+ 46. Ke3 Rxb2 47. Rxh5+ Kg6 48. Rg5+ Kh7 49. Be7 Rh2 50. Rg1 f5 51. Bf6 fxe4 52. fxe4 Kh6 53. Kf4 Bf7 54. Rg3 Re2 55. Kf5 Rf2+ 56. Ke5 Re2 57. Bg5+ Kg7 58. Kd4 Kh7 59. e5 Re1 60. Bf6 Rd1+ 61. Kc5 Kh6 62. Rg7 Be6 63. Re7 Bg8 64. Re8 Bf7 65. Rh8+ Kg6 66. h5+ Kf5 67. h6 Rd7 68. Rf8 Kg6 69. Bg7 Kh7 70. Rb8 Rd5+ 71. Kb4 Rd7 72. Rb6 Bg8 73. Rd6 Rc7 74. Bf8 Rc8 75. Rd7+ Kh8 76. Bg7+ Kh7 77. Re7 Kg6 78. Rd7 Bf7 79. Rd6+ Kh7 80. e6 1-0

[Event "17th Aeroflot Open-A 2019"]
[Site "Moscow"]
[Date "2019.02.20"]
[Round "1.39"]
[White "Kevlishvili, Robby"]
[Black "Donchenko, Alexander"]
[Result "0-1"]
[ECO "B13"]
[WhiteElo "2463"]
[BlackElo "2600"]
[Annotator "RC"]
[PlyCount "86"]
[EventDate "2019.02.19"]
[EventCountry "RUS"]
[SourceTitle "playchess.com"]
[Source "ChessBase"]
[SourceQuality "1"]
[TimeControl "40/5400+30:1800+30"]

1. e4 c6 2. d4 d5 3. exd5 cxd5 4. Bd3 Nc6 5. c3 Qc7 6. Ne2 Bg4 7. O-O e6 8. Qe1 Nf6 9. Bg5 h6 10. Bh4 Bxe2 11. Qxe2 Bd6 12. h3 O-O-O 13. Na3 Qe7 14. Nc2 Rhg8 15. Ne3 g5 16. Bg3 h5 17. Rae1 h4 18. Be5 Nd7 19. Ng4 Kb8 20. Qe3 Rdf8 21. f4 gxf4 22. Bxd6+ Qxd6 23. Qxf4 Kc7 24. Re2 f5 25. Qxd6+ Kxd6 26. Nh2 Nf6 27. Rfe1 Ne4 28. Nf3 Rf6 29. Kh2 Rh6 30. Re3 Rg7 31. Rf1 Ne7 32. c4 Ng6 33. cxd5 exd5 34. Ng1 Rh5 35. Be2 Rg5 36. Ra3 Nf4 37. Bf3 Rxg2+ 38. Bxg2 Rxg2+ 39. Kh1 Ng3+ 40. Rxg3 hxg3 41. Nf3 Rxb2 42. Rg1 g2+ 43. Kh2 Rxa2 0-1

[Event "17th Aeroflot Open-A 2019"]
[Site "Moscow"]
[Date "2019.02.21"]
[Round "2.6"]
[White "Donchenko, Alexander"]
[Black "Ganguly, Surya Shekhar"]
[Result "1/2-1/2"]
[ECO "A06"]
[WhiteElo "2600"]
[BlackElo "2636"]
[Annotator "ChessBase"]
[PlyCount "60"]
[EventDate "2019.02.19"]
[EventCountry "RUS"]
[SourceTitle "playchess.com"]
[Source "ChessBase"]
[SourceQuality "1"]
[TimeControl "40/5400+30:1800+30"]

1. Nf3 d5 2. g3 Nf6 3. Bg2 e6 4. O-O Be7 5. c4 O-O 6. d4 dxc4 7. Qc2 c6 8. Qxc4 b5 9. Qc2 Bb7 10. Rd1 Nbd7 11. Nc3 b4 12. Na4 Qa5 13. Ne1 Ba6 14. Nd3 Bxd3 15. Rxd3 Rac8 16. Be3 Nd5 17. Bd2 c5 18. dxc5 Nxc5 19. Nxc5 Bxc5 20. Qb3 Qb6 21. Be1 Nf6 22. h3 h6 23. Rad1 a5 24. a3 Rfd8 25. Rxd8+ Rxd8 26. Rc1 Qb5 27. Kf1 a4 28. Qc4 Qxc4 29. Rxc4 bxa3 30. bxa3 Bxa3 1/2-1/2

[Event "17th Aeroflot Open-A 2019"]
[Site "Moscow"]
[Date "2019.02.21"]
[Round "2.10"]
[White "Kulaots, Kaido"]
[Black "Grachev, Boris"]
[Result "1/2-1/2"]
[ECO "B46"]
[WhiteElo "2542"]
[BlackElo "2626"]
[Annotator "ChessBase"]
[PlyCount "46"]
[EventDate "2019.02.19"]
[EventCountry "RUS"]
[SourceTitle "playchess.com"]
[Source "ChessBase"]
[SourceQuality "1"]
[TimeControl "40/5400+30:1800+30"]

1. e4 c5 2. Nf3 e6 3. d4 cxd4 4. Nxd4 Nc6 5. Nc3 a6 6. Be3 Nf6 7. a3 Be7 8. f4 d5 9. e5 Nd7 10. g3 Qc7 11. Qd2 b5 12. Nxc6 Qxc6 13. Bg2 Nb6 14. b3 b4 15. Ne2 bxa3 16. Nd4 Qc7 17. O-O O-O 18. g4 Bd7 19. f5 exf5 20. Nxf5 Bc5 21. Kh1 Bxe3 22. Qxe3 Rae8 23. Nxg7 Kxg7 1/2-1/2

[Event "17th Aeroflot Open-A 2019"]
[Site "Moscow"]
[Date "2019.02.21"]
[Round "2.15"]
[White "Wei, Yi"]
[Black "Fier, Alexandr"]
[Result "1-0"]
[ECO "B40"]
[WhiteElo "2733"]
[BlackElo "2561"]
[Annotator "ChessBase"]
[PlyCount "67"]
[EventDate "2019.02.19"]
[EventCountry "RUS"]
[SourceTitle "playchess.com"]
[Source "ChessBase"]
[SourceQuality "1"]
[TimeControl "40/5400+30:1800+30"]

1. e4 c5 2. Nf3 e6 3. d4 cxd4 4. Nxd4 Nf6 5. Nc3 Nc6 6. Nxc6 bxc6 7. e5 Nd5 8. Ne4 Qc7 9. f4 Qb6 10. c4 Bb4+ 11. Ke2 f5 12. exf6 Nxf6 13. Be3 Qd8 14. Nd6+ Bxd6 15. Qxd6 Bb7 16. Rd1 Rc8 17. Rg1 c5 18. g4 Rc6 19. Qe5 O-O 20. g5 Nh5 21. Bh3 d6 22. Qxe6+ Kh8 23. Rgf1 Rb6 24. b3 Ra6 25. Rd2 d5 26. Qe5 Re8 27. cxd5 Rxe5 28. fxe5 Bxd5 29. Bg2 c4 30. Bxd5 c3 31. Bb7 cxd2 32. Bxa6 Qe8 33. Bc4 g6 34. e6 1-0

[Event "17th Aeroflot Open-A 2019"]
[Site "Moscow"]
[Date "2019.02.21"]
[Round "2.23"]
[White "Anton Guijarro, David"]
[Black "Aryan Chopra"]
[Result "1/2-1/2"]
[ECO "E71"]
[WhiteElo "2642"]
[BlackElo "2540"]
[Annotator "RC"]
[PlyCount "69"]
[EventDate "2019.02.19"]
[EventCountry "RUS"]
[SourceTitle "playchess.com"]
[Source "ChessBase"]
[SourceQuality "1"]
[TimeControl "40/5400+30:1800+30"]

1. c4 Nf6 2. Nc3 g6 3. e4 d6 4. d4 Bg7 5. h3 O-O 6. Be3 e5 7. d5 Na6 8. g4 Nc5 9. f3 c6 10. Qd2 cxd5 11. cxd5 Bd7 12. Nge2 Rc8 13. b4 Na4 14. Nxa4 Bxa4 15. Nc3 Bd7 16. Rc1 a6 17. Be2 h5 18. a4 h4 19. O-O Nh7 20. b5 Qa5 21. Rc2 Bf6 22. Rfc1 Bd8 23. Nd1 Qxd2 24. Bxd2 Bb6+ 25. Be3 Bxe3+ 26. Nxe3 axb5 27. Rxc8 Rxc8 28. Rxc8+ Bxc8 29. axb5 Kf8 30. b6 Ke7 31. Bb5 Bd7 32. Bc6 Bc8 33. Bb5 Bd7 34. Bc6 Bc8 35. Bb5 1/2-1/2

[Event "17th Aeroflot Open-A 2019"]
[Site "Moscow"]
[Date "2019.02.21"]
[Round "2.24"]
[White "Ghaem Maghami, Ehsan"]
[Black "Zvjaginsev, Vadim"]
[Result "1/2-1/2"]
[ECO "C08"]
[WhiteElo "2540"]
[BlackElo "2642"]
[Annotator "ChessBase"]
[PlyCount "41"]
[EventDate "2019.02.19"]
[EventCountry "RUS"]
[SourceTitle "playchess.com"]
[Source "ChessBase"]
[SourceQuality "1"]
[TimeControl "40/5400+30:1800+30"]

1. e4 e6 2. d4 d5 3. Nd2 c5 4. exd5 exd5 5. Ngf3 a6 6. dxc5 Bxc5 7. Nb3 Bb6 8. Bd3 Qe7+ 9. Qe2 Nc6 10. Bg5 Qxe2+ 11. Kxe2 Nf6 12. Bxf6 gxf6 13. Rhe1 O-O 14. Kf1 Bg4 15. Be2 Bf5 16. c3 Rfd8 17. Nbd4 Nxd4 18. Nxd4 Bxd4 19. cxd4 Rd6 20. Rac1 Rb6 21. b3 1/2-1/2

[Event "17th Aeroflot Open-A 2019"]
[Site "Moscow"]
[Date "2019.02.21"]
[Round "2.25"]
[White "Iturrizaga Bonelli, Eduardo"]
[Black "Xu, Yinglun"]
[Result "1/2-1/2"]
[ECO "E04"]
[WhiteElo "2640"]
[BlackElo "2512"]
[Annotator "RC"]
[PlyCount "29"]
[EventDate "2019.02.19"]
[EventCountry "RUS"]
[SourceTitle "playchess.com"]
[Source "ChessBase"]
[SourceQuality "1"]
[TimeControl "40/5400+30:1800+30"]

1. d4 d5 2. Nf3 Nf6 3. c4 e6 4. g3 dxc4 5. Bg2 c6 6. a4 Bb4+ 7. Bd2 a5 8. Qc2 O-O 9. O-O Bxd2 10. Nfxd2 Qxd4 11. Nxc4 e5 12. Qc3 Qxc3 13. Nxc3 Be6 14. Nxe5 Na6 15. Nd3 1/2-1/2

[Event "17th Aeroflot Open-A 2019"]
[Site "Moscow"]
[Date "2019.02.21"]
[Round "2.28"]
[White "Khismatullin, Denis"]
[Black "Henderson de La Fuente, Lance"]
[Result "1-0"]
[ECO "E17"]
[WhiteElo "2621"]
[BlackElo "2490"]
[Annotator "ChessBase"]
[PlyCount "305"]
[EventDate "2019.02.19"]
[EventCountry "RUS"]
[SourceTitle "playchess.com"]
[Source "ChessBase"]
[SourceQuality "1"]
[TimeControl "40/5400+30:1800+30"]

1. d4 Nf6 2. c4 e6 3. Nf3 b6 4. g3 Bb7 5. Bg2 Be7 6. O-O O-O 7. Re1 d5 8. cxd5 exd5 9. Nc3 Nbd7 10. Bf4 c5 11. Rc1 Ne4 12. dxc5 Nxc3 13. Rxc3 Nxc5 14. Be5 Re8 15. e3 Qd7 16. Qc2 Rac8 17. Rd1 Qe6 18. Bd4 h6 19. b4 Ne4 20. Rxc8 Rxc8 21. Qb2 Bf8 22. Ne5 Nd6 23. Nd3 Nb5 24. Nf4 Qd6 25. a3 Nxd4 26. Qxd4 a5 27. Bxd5 Bxd5 28. Nxd5 axb4 29. axb4 b5 30. Qa7 Qc6 31. Ne7+ Bxe7 32. Qxe7 Re8 33. Qd7 Qxd7 34. Rxd7 Re4 35. Rd8+ Kh7 36. Rd4 Rxd4 37. exd4 Kg6 38. f3 Kf5 39. Kf2 Ke6 40. Ke3 Kd5 41. Kd3 g6 42. Kc3 Kd6 43. Kd2 Kd5 44. Kd3 f5 45. Kc3 Kd6 46. Kd2 Ke6 47. Kd3 Kd6 48. g4 Kd5 49. h3 Kd6 50. h4 h5 51. gxf5 gxf5 52. Ke3 Kd5 53. Kf4 Kxd4 54. Kxf5 Kc4 55. f4 Kxb4 56. Kg5 Kc4 57. f5 b4 58. f6 b3 59. f7 b2 60. f8=Q b1=Q 61. Qf7+ Kd4 62. Kxh5 Qd1+ 63. Kh6 Ke3 64. Qf6 Qd7 65. h5 Ke2 66. Qe5+ Kd1 67. Kg5 Qd8+ 68. Kg6 Qg8+ 69. Kh6 Qf8+ 70. Kg5 Qg8+ 71. Kh4 Qf8 72. Qd4+ Kc2 73. Kg5 Qg8+ 74. Kh6 Qe6+ 75. Kg5 Qg8+ 76. Kh4 Qf8 77. Qe4+ Kd1 78. Qe5 Qf2+ 79. Kg5 Qg2+ 80. Kf6 Qc6+ 81. Kf5 Qd7+ 82. Kf6 Qd8+ 83. Kg7 Qd7+ 84. Kf6 Qd8+ 85. Kf7 Qd7+ 86. Kg6 Qc6+ 87. Kg5 Qg2+ 88. Kh4 Qf2+ 89. Qg3 Qf6+ 90. Kh3 Qf1+ 91. Kg4 Qc4+ 92. Qf4 Qg8+ 93. Kh3 Qb3+ 94. Kh4 Qd5 95. h6 Qh1+ 96. Kg4 Qg2+ 97. Kf5 Qd5+ 98. Qe5 Qd7+ 99. Qe6 Qd3+ 100. Qe4 Qd7+ 101. Kg5 Qd2+ 102. Kg6 Qd6+ 103. Kg5 Qd2+ 104. Qf4 Qd5+ 105. Qf5 Qd2+ 106. Qf4 Qd5+ 107. Kg6 Qe6+ 108. Kg7 Qe7+ 109. Qf7 Qe5+ 110. Kg8 Qg3+ 111. Kh7 Qd3+ 112. Kh8 Qd4+ 113. Kg8 Qd8+ 114. Qf8 Qd5+ 115. Kg7 Qd4+ 116. Qf6 Qd7+ 117. Kg6 Qd3+ 118. Kf7 Qd7+ 119. Kf8 Qc8+ 120. Ke7 Qb7+ 121. Ke8 Qb5+ 122. Ke7 Qb7+ 123. Ke6 Qc6+ 124. Ke5 Qc3+ 125. Kf5 Qd3+ 126. Ke6 Qc4+ 127. Kd7 Qa4+ 128. Qc6 Qh4 129. Kc8 Ke1 130. Qe6+ Kf1 131. Qf5+ Ke1 132. h7 Qc4+ 133. Kd8 Qd4+ 134. Ke8 Qa4+ 135. Kf7 Qa7+ 136. Kf6 Qa8 137. Qb1+ Kd2 138. Qb4+ Kc2 139. Qc4+ Kb1 140. Qf1+ Kb2 141. Qf2+ Kb1 142. Qg1+ Kb2 143. Qh2+ Kb1 144. h8=Q Qf3+ 145. Kg5 Qe3+ 146. Qf4 Qg1+ 147. Kf5 Qc5+ 148. Qhe5 Qf8+ 149. Kg4 Qg8+ 150. Qeg5 Qb3 151. Qc1+ Ka2 152. Qa5+ Qa4+ 153. Qxa4# 1-0

[Event "17th Aeroflot Open-A 2019"]
[Site "Moscow"]
[Date "2019.02.21"]
[Round "2.37"]
[White "Gukesh D"]
[Black "Maghsoodloo, Parham"]
[Result "0-1"]
[ECO "B06"]
[WhiteElo "2508"]
[BlackElo "2666"]
[Annotator "RC"]
[PlyCount "136"]
[EventDate "2019.02.19"]
[EventCountry "RUS"]
[SourceTitle "playchess.com"]
[Source "ChessBase"]
[SourceQuality "1"]
[TimeControl "40/5400+30:1800+30"]

1. e4 g6 2. d4 Bg7 3. Nf3 d6 4. Bc4 Nc6 5. O-O Nf6 6. d5 Nb8 7. Nc3 Bg4 8. h3 Bxf3 9. Qxf3 O-O 10. Be3 c6 11. Rad1 Qc7 12. dxc6 Nxc6 13. Qe2 a6 14. Bg5 e6 15. Qd2 Qa5 16. Bh6 Rfd8 17. Bxg7 Kxg7 18. a3 b5 19. Bb3 Qb6 20. Qf4 Qc5 21. Rd2 Rd7 22. Rfd1 Rad8 23. Rd3 h6 24. Qe3 g5 25. Ne2 Qxe3 26. Rxe3 Ne5 27. Nd4 h5 28. c3 h4 29. a4 Rb8 30. axb5 axb5 31. Nc2 Rdd8 32. Rd4 Kf8 33. Re1 Ke7 34. f3 Nfd7 35. Nb4 Rdc8 36. Red1 Nc5 37. Bc2 Nc4 38. Rb1 Nd7 39. Rdd1 Nde5 40. Bd3 Na5 41. Bf1 Nac6 42. Nc2 b4 43. cxb4 Nxb4 44. Ne3 Rc6 45. Rdc1 Rcb6 46. Rc7+ Kd8 47. Rc3 Nbc6 48. Rd1 Kd7 49. Nc4 Nxc4 50. Bxc4 Rxb2 51. Rcd3 Ke7 52. Rxd6 Ne5 53. Bf1 Ra8 54. R6d2 Raa2 55. Rxb2 Rxb2 56. Re1 Ng6 57. Re2 Rb1 58. Kf2 Nf4 59. Ra2 Nh5 60. Bd3 Rb3 61. Bc4 Rc3 62. Bb5 Kf6 63. Be8 Rc8 64. Bd7 Rc7 65. Be8 Ke5 66. Ke3 Rc3+ 67. Kf2 Rc7 68. Ke3 Rc8 0-1

[Event "17th Aeroflot Open-A 2019"]
[Site "Moscow"]
[Date "2019.02.22"]
[Round "3.1"]
[White "Sasikiran, Krishnan"]
[Black "Aravindh, Chithambaram VR."]
[Result "1-0"]
[ECO "C60"]
[WhiteElo "2678"]
[BlackElo "2601"]
[Annotator "ChessBase"]
[PlyCount "63"]
[EventDate "2019.02.19"]
[EventCountry "RUS"]
[SourceTitle "playchess.com"]
[Source "ChessBase"]
[SourceQuality "1"]
[TimeControl "40/5400+30:1800+30"]

1. e4 e5 2. Nf3 Nc6 3. Bb5 Nge7 4. O-O g6 5. c3 a6 6. Ba4 Bg7 7. d4 exd4 8. cxd4 b5 9. Bb3 O-O 10. a4 b4 11. a5 d5 12. exd5 Nxd5 13. Bg5 f6 14. Be3 Kh8 15. Nbd2 Nce7 16. Re1 g5 17. h3 Ng6 18. Rc1 Bb7 19. Qc2 Re8 20. Ne4 Bh6 21. Bd2 Ndf4 22. d5 Bg7 23. Rcd1 Qc8 24. Bxf4 Nxf4 25. Nexg5 fxg5 26. Nxg5 Rxe1+ 27. Rxe1 Qg8 28. d6 Bd5 29. Bxd5 Nxd5 30. d7 Bf6 31. Re8 Bxg5 32. Qc6 1-0

[Event "17th Aeroflot Open-A 2019"]
[Site "Moscow"]
[Date "2019.02.22"]
[Round "3.2"]
[White "Narayanan.S.L"]
[Black "Zhou, Jianchao"]
[Result "1/2-1/2"]
[ECO "D10"]
[WhiteElo "2593"]
[BlackElo "2615"]
[Annotator "ChessBase"]
[PlyCount "57"]
[EventDate "2019.02.19"]
[EventCountry "RUS"]
[SourceTitle "playchess.com"]
[Source "ChessBase"]
[SourceQuality "1"]
[TimeControl "40/5400+30:1800+30"]

1. d4 d5 2. c4 c6 3. Nc3 Nf6 4. e3 a6 5. Nf3 Bf5 6. Ne5 Nbd7 7. Qb3 Qc7 8. cxd5 Nxe5 9. dxe5 Nxd5 10. Nxd5 cxd5 11. Bd2 Qxe5 12. Rc1 Qb8 13. Ba5 Bd7 14. Rc7 Bc6 15. Qc3 e6 16. Be2 Bd6 17. Qxg7 Bxc7 18. Bxc7 Qxc7 19. Qxh8+ Ke7 20. Qxa8 Qa5+ 21. Kf1 Qd2 22. f3 Qc1+ 23. Kf2 Qxh1 24. Qb8 Qb1 25. Qc7+ Ke8 26. Qc8+ Ke7 27. Qc7+ Ke8 28. Qc8+ Ke7 29. Qc7+ 1/2-1/2

[Event "17th Aeroflot Open-A 2019"]
[Site "Moscow"]
[Date "2019.02.22"]
[Round "3.12"]
[White "Ganguly, Surya Shekhar"]
[Black "Tabatabaei, M.amin"]
[Result "1/2-1/2"]
[ECO "B67"]
[WhiteElo "2636"]
[BlackElo "2590"]
[Annotator "RC"]
[PlyCount "85"]
[EventDate "2019.02.19"]
[EventCountry "RUS"]
[SourceTitle "playchess.com"]
[Source "ChessBase"]
[SourceQuality "1"]
[TimeControl "40/5400+30:1800+30"]

1. e4 c5 2. Nf3 d6 3. d4 cxd4 4. Nxd4 Nf6 5. Nc3 Nc6 6. Bg5 e6 7. Qd2 a6 8. O-O-O Bd7 9. f3 Be7 10. h4 h6 11. Be3 h5 12. Nxc6 Bxc6 13. Bg5 b5 14. Ne2 Qb6 15. Nd4 Bd7 16. Qe3 b4 17. Kb1 Qc5 18. Be2 O-O 19. Nb3 Qxe3 20. Bxe3 a5 21. Bg5 Rfd8 22. Rd2 Kf8 23. Rhd1 a4 24. Nc1 Bc6 25. Rd4 Rab8 26. Nd3 Bb5 27. Rxb4 d5 28. Bxf6 gxf6 29. Rd4 f5 30. e5 Rdc8 31. f4 Bc4 32. Rh1 Bd8 33. Nc1 Bb6 34. Rdd1 Be3 35. Bxc4 dxc4 36. Rhf1 Rb5 37. Rf3 Rcb8 38. b3 Bxc1 39. Kxc1 axb3 40. axb3 cxb3 41. cxb3 Rxb3 42. Rd8+ Rxd8 43. Rxb3 1/2-1/2

[Event "17th Aeroflot Open-A 2019"]
[Site "Moscow"]
[Date "2019.02.22"]
[Round "3.13"]
[White "Debashis, Das"]
[Black "Sarana, Alexey"]
[Result "1/2-1/2"]
[ECO "E49"]
[WhiteElo "2532"]
[BlackElo "2630"]
[Annotator "ChessBase"]
[PlyCount "82"]
[EventDate "2019.02.19"]
[EventCountry "RUS"]
[SourceTitle "playchess.com"]
[Source "ChessBase"]
[SourceQuality "1"]
[TimeControl "40/5400+30:1800+30"]

1. d4 Nf6 2. c4 e6 3. Nc3 Bb4 4. e3 O-O 5. Bd3 d5 6. a3 Bxc3+ 7. bxc3 c5 8. cxd5 exd5 9. Ne2 b6 10. O-O Ba6 11. f3 Re8 12. Ng3 Bxd3 13. Qxd3 Nc6 14. Bb2 Rc8 15. Rae1 Qc7 16. e4 Ne7 17. Rf2 cxd4 18. cxd4 Qc4 19. Qb1 Nd7 20. e5 g6 21. Rfe2 Nf8 22. Nf1 Nf5 23. Qd1 Ne6 24. Rd2 Rc6 25. Kf2 Qb5 26. g4 Nfg7 27. Kg3 g5 28. h4 h5 29. Ne3 gxh4+ 30. Kxh4 hxg4 31. fxg4 Nf8 32. Kg3 Nh7 33. Qf3 Rd8 34. Rh1 Ng5 35. Rdh2 Kf8 36. a4 Qxb2 37. Rxb2 Nxf3 38. Kxf3 Rc3 39. a5 Ne6 40. axb6 Nxd4+ 41. Kf2 axb6 1/2-1/2

[Event "17th Aeroflot Open-A 2019"]
[Site "Moscow"]
[Date "2019.02.22"]
[Round "3.14"]
[White "Grachev, Boris"]
[Black "Xu, Yi"]
[Result "1/2-1/2"]
[ECO "A06"]
[WhiteElo "2626"]
[BlackElo "2520"]
[Annotator "RC"]
[PlyCount "46"]
[EventDate "2019.02.19"]
[EventCountry "RUS"]
[SourceTitle "playchess.com"]
[Source "ChessBase"]
[SourceQuality "1"]
[TimeControl "40/5400+30:1800+30"]

1. Nf3 d5 2. e3 Nf6 3. c4 e6 4. Nc3 b6 5. b3 Bb7 6. Bb2 Nbd7 7. d4 a6 8. Bd3 Bd6 9. O-O O-O 10. a4 Ne4 11. a5 f5 12. axb6 cxb6 13. Qe2 Ndf6 14. cxd5 Nxc3 15. Bxc3 Nxd5 16. Bd2 b5 17. e4 Nf4 18. Bxf4 Bxf4 19. Rfe1 Qd7 20. Rad1 Rae8 21. h4 Qf7 22. b4 Qg6 23. Bc2 Kh8 1/2-1/2

[Event "17th Aeroflot Open-A 2019"]
[Site "Moscow"]
[Date "2019.02.22"]
[Round "3.17"]
[White "Martirosyan, Haik M."]
[Black "Liu, Yan"]
[Result "1-0"]
[ECO "E21"]
[WhiteElo "2616"]
[BlackElo "2498"]
[Annotator "RC"]
[PlyCount "83"]
[EventDate "2019.02.19"]
[EventCountry "RUS"]
[SourceTitle "playchess.com"]
[Source "ChessBase"]
[SourceQuality "1"]
[TimeControl "40/5400+30:1800+30"]

1. d4 Nf6 2. c4 e6 3. Nf3 b6 4. Nc3 Bb4 5. Bg5 Bb7 6. e3 Bxc3+ 7. bxc3 d6 8. Nd2 Qe7 9. f3 h6 10. Bh4 e5 11. e4 c5 12. Be2 Nc6 13. dxc5 dxc5 14. Nf1 g5 15. Bf2 Qd7 16. Qc2 O-O-O 17. Ne3 Na5 18. Rb1 Ba6 19. Nd5 Nxd5 20. cxd5 Bc4 21. Bxc4 Nxc4 22. Qb3 Na5 23. Qa3 Qc7 24. O-O Rd7 25. Qa4 Kd8 26. c4 Ke7 27. Be1 Rb8 28. Bxa5 bxa5 29. Rxb8 Qxb8 30. Qxa5 Qb6 31. Qxb6 axb6 32. Rb1 Rb7 33. Kf2 Kd7 34. Kg3 h5 35. h4 f6 36. hxg5 fxg5 37. Rh1 h4+ 38. Kg4 b5 39. cxb5 Rxb5 40. Kxg5 c4 41. Kf5 Kd6 42. Rxh4 {[%emt 0:01:00] Kxd5} 1-0

[Event "17th Aeroflot Open-A 2019"]
[Site "Moscow"]
[Date "2019.02.22"]
[Round "3.19"]
[White "Abdusattorov, Nodirbek"]
[Black "Kovalev, Vladislav"]
[Result "1-0"]
[ECO "C95"]
[WhiteElo "2560"]
[BlackElo "2703"]
[Annotator "RC"]
[PlyCount "91"]
[EventDate "2019.02.19"]
[EventCountry "RUS"]
[SourceTitle "playchess.com"]
[Source "ChessBase"]
[SourceQuality "1"]
[TimeControl "40/5400+30:1800+30"]

1. e4 e5 2. Nf3 Nc6 3. Bb5 a6 4. Ba4 Nf6 5. O-O Be7 6. Re1 b5 7. Bb3 d6 8. c3 O-O 9. h3 Nb8 10. d4 Nbd7 11. c4 c6 12. Nc3 b4 13. Na4 c5 14. d5 Re8 15. Bc2 Nf8 16. b3 Ng6 17. Nb2 Bd7 18. a3 a5 19. Ra2 h6 20. Be3 Nh7 21. Qd2 Rb8 22. axb4 axb4 23. Rea1 Ng5 24. Nxg5 hxg5 25. Bd1 Nf4 26. Bg4 g6 27. Ra7 f5 28. Bf3 Qc8 29. Nd3 Nxd3 30. Qxd3 f4 31. Bxc5 Qxc5 32. Rxd7 Bd8 33. Qe2 Re7 34. Rxe7 Bxe7 35. Ra6 g4 36. Bxg4 Bh4 37. Ra2 Kg7 38. Be6 f3 39. gxf3 Bg5 40. Ra6 Bf4 41. Qa2 Qc7 42. Qa4 Rb6 43. Qa5 Rb7 44. Qxc7+ Rxc7 45. Rxd6 Bg5 46. Ra6 1-0

[Event "17th Aeroflot Open-A 2019"]
[Site "Moscow"]
[Date "2019.02.22"]
[Round "3.22"]
[White "Maghsoodloo, Parham"]
[Black "Ghaem Maghami, Ehsan"]
[Result "1/2-1/2"]
[ECO "A06"]
[WhiteElo "2666"]
[BlackElo "2540"]
[Annotator "ChessBase"]
[PlyCount "47"]
[EventDate "2019.02.19"]
[EventCountry "RUS"]
[SourceTitle "playchess.com"]
[Source "ChessBase"]
[SourceQuality "1"]
[TimeControl "40/5400+30:1800+30"]

1. Nf3 d5 2. g3 g6 3. Bg2 Bg7 4. O-O e5 5. d3 Nc6 6. c3 Nge7 7. Qc2 O-O 8. e4 a5 9. a4 h6 10. Na3 Be6 11. Nb5 Qd7 12. exd5 Nxd5 13. b3 Rfd8 14. Bb2 Bh3 15. Bxh3 Qxh3 16. Qe2 Rd7 17. Rfe1 Rad8 18. Rad1 g5 19. Nd2 b6 20. Nc4 Qf5 21. Qe4 Nde7 22. Qxf5 Nxf5 23. Kf1 f6 24. Ke2 1/2-1/2

[Event "17th Aeroflot Open-A 2019"]
[Site "Moscow"]
[Date "2019.02.22"]
[Round "3.23"]
[White "Tsydypov, Zhamsaran"]
[Black "Anton Guijarro, David"]
[Result "1/2-1/2"]
[ECO "C45"]
[WhiteElo "2547"]
[BlackElo "2642"]
[Annotator "ChessBase"]
[PlyCount "75"]
[EventDate "2019.02.19"]
[EventCountry "RUS"]
[SourceTitle "playchess.com"]
[Source "ChessBase"]
[SourceQuality "1"]
[TimeControl "40/5400+30:1800+30"]

1. e4 e5 2. Nf3 Nc6 3. d4 exd4 4. Nxd4 Nf6 5. Nxc6 bxc6 6. e5 Qe7 7. Qe2 Nd5 8. c4 Ba6 9. Nd2 g6 10. Nf3 Qb4+ 11. Kd1 Ne7 12. Bg5 Bg7 13. Qd2 Qxd2+ 14. Bxd2 c5 15. Bd3 Bb7 16. Re1 O-O 17. Be3 d6 18. exd6 cxd6 19. Bxc5 dxc5 20. Rxe7 Bxf3+ 21. gxf3 Rfe8 22. Rxe8+ Rxe8 23. Be4 Bd4 24. Rb1 Rb8 25. Ke2 Rxb2+ 26. Rxb2 Bxb2 27. Kd3 Be5 28. h3 Kf8 29. Kc2 Ke7 30. Kb3 Kd6 31. Ka4 Bc3 32. Kb5 a5 33. Bd5 f6 34. f4 h6 35. h4 g5 36. fxg5 fxg5 37. hxg5 hxg5 38. f3 1/2-1/2

[Event "17th Aeroflot Open-A 2019"]
[Site "Moscow"]
[Date "2019.02.22"]
[Round "3.26"]
[White "Xu, Yinglun"]
[Black "Alekseenko, Kirill"]
[Result "1/2-1/2"]
[ECO "D80"]
[WhiteElo "2512"]
[BlackElo "2634"]
[Annotator "RC"]
[PlyCount "76"]
[EventDate "2019.02.19"]
[EventCountry "RUS"]
[SourceTitle "playchess.com"]
[Source "ChessBase"]
[SourceQuality "1"]
[TimeControl "40/5400+30:1800+30"]

1. d4 Nf6 2. c4 g6 3. Nc3 d5 4. Bg5 Ne4 5. Bh4 Nxc3 6. bxc3 dxc4 7. e3 Be6 8. Nf3 Bg7 9. Rb1 b6 10. Be2 O-O 11. Nd2 Bd5 12. O-O c5 13. dxc5 Nd7 14. cxb6 Nxb6 15. Qc2 Qd6 16. Rb4 Rac8 17. a4 Ba8 18. e4 Qe5 19. Rc1 Rfd8 20. Nxc4 Nxc4 21. Rxc4 Rxc4 22. Bxc4 Bxe4 23. Qe2 Qf4 24. Re1 Qxh4 25. g3 Qg5 26. Qxe4 e6 27. Re3 Qa5 28. Rf3 Rf8 29. Qc6 Qb6 30. Qxb6 axb6 31. Rd3 g5 32. h3 h5 33. Kg2 Rc8 34. Ba6 Rc7 35. Rd8+ Bf8 36. Be2 h4 37. gxh4 gxh4 38. Rb8 Rxc3 1/2-1/2

[Event "17th Aeroflot Open-A 2019"]
[Site "Moscow"]
[Date "2019.02.22"]
[Round "3.29"]
[White "Afanasiev, Nikita"]
[Black "Van Foreest, Jorden"]
[Result "1/2-1/2"]
[ECO "D10"]
[WhiteElo "2508"]
[BlackElo "2618"]
[Annotator "RC"]
[PlyCount "50"]
[EventDate "2019.02.19"]
[EventCountry "RUS"]
[SourceTitle "playchess.com"]
[Source "ChessBase"]
[SourceQuality "1"]
[TimeControl "40/5400+30:1800+30"]

1. d4 d5 2. c4 c6 3. cxd5 cxd5 4. Bf4 Nc6 5. Nc3 Nf6 6. Nf3 g6 7. e3 Bg7 8. h3 O-O 9. Be2 Ne4 10. Rc1 Bf5 11. Qb3 Nxc3 12. Rxc3 Qd7 13. O-O a6 14. Rfc1 f6 15. Rc5 Be6 16. Qb6 Bf7 17. Bc7 Rac8 18. Bg3 Ra8 19. b4 Rfc8 20. a4 Bf8 21. b5 axb5 22. Qxb5 e6 23. R5c3 Be8 24. a5 Rd8 25. Qb6 Bb4 1/2-1/2